 Dungeon Crawl Stone Soup version 0.29.1-1-gd02db6906a (webtiles) character file.

Game seed: 16253930145536298409

580 vvl the Stinger (level 7, -1/51 HPs)
             Began as a Demonspawn Venom Mage on Oct 5, 2022.
             Slain by an ogre
             ... wielding a +0 giant spiked club
              (29 damage)
             ... on level 4 of the Dungeon.
             The game lasted 00:13:45 (5715 turns).

vvl the Stinger (Demonspawn Venom Mage)             Turns: 5715, Time: 00:13:45

Health: -1/51      AC:  3    Str:  9    XL:     7   Next: 13%
Magic:  0/11       EV: 12    Int: 18    God:
Gold:   211        SH:  0    Dex:  9    Spells: 11/12 levels left

rFire   . . .      SeeInvis .   l - +0 short sword
rCold   . . .      Faith    .   (no shield)
rNeg    + . .      Spirit   +   i - +1 robe of Ru's Brutal Revenge {rN+ Will- Dex-4 Slay+4}
rPois   .          Reflect  .   (helmet restricted)
rElec   .          Harm     .   (no cloak)
rCorr   +          Rampage  .   (no gloves)
Will    .....                   (no boots)
Stlth   ++........              (no amulet)
HPRegen 0.17/turn               h - ring of resist corrosion
MPRegen 0.24/turn               (no ring)

@: no status effects
A: horns 1, magic shield, magic regeneration
a: no special abilities


You were on level 4 of the Dungeon.
You visited 1 branch of the dungeon, and saw 4 of its levels.

You collected 211 gold pieces.

Inventory:

Hand Weapons
 l - a +0 short sword (weapon)
Armour
 i - the +1 robe of Ru's Brutal Revenge (worn) {rN+ Will- Dex-4 Slay+4}
   (You found it on level 2 of the Dungeon)

   Dex:       It affects your dexterity (-4).
   Slay:      It affects your accuracy & damage with ranged weapons and melee
   (+4).
   rN:        It protects you from negative energy.
   Will:      It decreases your willpower.
Jewellery
 h - a ring of resist corrosion (left hand)
 n - a ring of flight
Scrolls
 c - 3 scrolls of identify {unknown}
 d - 2 scrolls of teleportation {unknown}
 g - a scroll of poison {unknown}
 j - 2 scrolls of amnesia {unknown}
 m - a scroll of torment {unknown}
 p - a scroll of butterflies {unknown}
Potions
 a - 4 potions of haste {unknown}
 b - a potion of magic
 e - a potion of might {unknown}
 f - a potion of heal wounds
 k - a potion of mutation {unknown}
 o - a potion of berserk rage {unknown}


   Skills:
 + Level 2.4 Fighting
 + Level 2.2 Armour
 + Level 3.1 Dodging
 - Level 2.0 Stealth
 + Level 3.2 Spellcasting
 + Level 2.6 Transmutations
 * Level 5.0 Poison Magic


You had 11 spell levels left.
You knew the following spells:

 Your Spells              Type           Power      Damage    Failure   Level
a - Sting                 Tmut/Pois      64%        1d6       3%          1

Your spell library contained the following spells:

 Spells                   Type           Power      Damage    Failure   Level
 Poisonous Vapours        Pois/Air       22%        N/A       9%          2
 Olgreb's Toxic Radiance  Pois           21%        N/A       21%         4
 Mephitic Cloud           Conj/Pois/Air  8%         N/A       24%         3


Dungeon Overview and Level Annotations

Branches:
Dungeon (4/15)
 Temple: D:4-7

Altars:
Makhleb
Nemelex Xobeh


Innate Abilities, Weirdness & Mutations

You have a pair of small horns on your head.
When hurt, damage is shared between your health and your magic reserves.
You regenerate magic rapidly.


Message History

The goblin is severely wounded.
The ogre shouts!
You hear an angry hiss.
You kill the goblin!
The sting misses the kobold.
The sting misses the kobold.
The kobold barely misses you.
The kobold hits you with a +0 short sword.
The kobold attacks as you move away! The kobold hits you but does no damage.
The kobold throws a stone.
The stone hits you but does no damage. The ogre attacks as you move away!
The ogre hits you with a +0 giant spiked club!!
The kobold hits you with a +0 short sword.
The kobold throws a stone.
The stone hits you.
The kobold throws a stone.
The stone hits you but does no damage.
The kobold throws a stone.
The stone barely misses you.
You can't see any susceptible monsters within range! (Use Z to cast anyway.)
You can't see any susceptible monsters within range! (Use Z to cast anyway.)
You can't see any susceptible monsters within range! (Use Z to cast anyway.)
Casting: Sting (safe; 3% risk of failure)
Confirm with . or Enter, or press ? or * to list all spells.
You can't see any susceptible monsters within range! (Use Z to cast anyway.) Unknown command.
The kobold hits you with a +0 short sword.
You hit the kobold.
You kill the kobold!
You barely miss the ogre. You headbutt the ogre.
The ogre is lightly wounded.
The ogre closely misses you.
The sting hits the ogre.
The ogre is poisoned.
The ogre is moderately wounded.
The ogre hits you with a +0 giant spiked club.
The sting hits the ogre.
The ogre looks even sicker.
The ogre is heavily wounded.
The sting hits the ogre.
The ogre looks even sicker.
The ogre is heavily wounded.
The ogre misses you.
The sting hits the ogre.
The ogre looks as sick as possible!
The ogre is heavily wounded.
The ogre hits you with a +0 giant spiked club!!
Ouch! That really hurt!
You die...

##################
#............†...#
##.#############.#
#.##..†.........#
#.##.#####....~##
#.##.#.....#~~~~#
#.##.#.#######~~~~#
#..#.#.# ###~~~~~
##.#.#@# ####~~
#.#.#O# # #.#.#l#
#.# #.# #.# #.# #.#
#.# .# #.# #.# ...
### #.# ....
#.#####+#....


You could see an ogre (extremely poisoned) and an iguana.

Vanquished Creatures
  The ghost of turdburglar the Insei, an amateur DsGl (D:3)
  Sigmund (D:3)
  2 vampire bats (D:3)
  An orc wizard (D:3)
  A gnoll (D:3)
  An adder (D:4)
  A river rat (D:3)
  A worm (D:2)
  3 dart slugs
  6 orcs (D:3)
  11 ball pythons
  13 bats
  6 endoplasms
  2 giant cockroaches
  10 goblins
  7 hobgoblins
  3 jackals
  4 quokkas
  4 frilled lizards
  4 kobolds
  4 rats
86 creatures vanquished.

Notes
Turn   | Place    | Note
-------+----------+-------------------------------------------
     0 | D:1      | vvl the Demonspawn Venom Mage began the quest for the Orb.
     0 | D:1      | Reached XP level 1. HP: 13/13 MP: 3/3
   214 | D:1      | Reached skill level 1 in Transmutations
   398 | D:1      | Gained mutation: You have a pair of small horns on your
                  | head. [demonic ancestry]
   398 | D:1      | Reached XP level 2. HP: 19/19 MP: 0/5
   536 | D:1      | Found a faded altar of an unknown god.
   896 | D:1      | Reached XP level 3. HP: 14/25 MP: 0/6
  1529 | D:2      | Identified the +1 robe of Ru's Brutal Revenge {rN+ Will-
                  | Dex-4 Slay+4}
  1690 | D:2      | Reached skill level 1 in Fighting
  3113 | D:3      | Found a runed translucent door.
  3116 | D:3      | Noticed turdburglar's ghost (amateur DsGl)
  3133 | D:3      | Found a burning altar of Makhleb.
  3133 | D:3      | Found a sparkling altar of Nemelex Xobeh.
  3167 | D:3      | Noticed Sigmund
  3203 | D:3      | Killed Sigmund
  3204 | D:3      | Reached skill level 1 in Armour
  3204 | D:3      | Reached skill level 4 in Poison Magic
  3204 | D:3      | Gained mutation: You regenerate magic rapidly. [demonic
                  | ancestry]
  3204 | D:3      | Reached XP level 4. HP: 22/33 MP: 1/7
  3204 | D:3      | Gained mutation: When hurt, damage is shared between your
                  | health and your magic reserves. [demonic ancestry]
  3204 | D:3      | Reached XP level 5. HP: 25/38 MP: 1/8
  3485 | D:3      | Reached XP level 6. HP: 42/44 MP: 10/10
  3814 | D:3      | Identified the -2 pair of gloves of Dust Devil {Rampage
                  | rElec Str+2}
  4735 | D:3      | Found a runed translucent door.
  5156 | D:3      | Killed turdburglar's ghost
  5157 | D:3      | Reached skill level 5 in Poison Magic
  5157 | D:3      | Reached XP level 7. HP: 27/51 MP: 2/11
  5715 | D:4      | Slain by an ogre

Illustrated notes

Levels and vault maps discovered:
D:1:      sevenhm_arrival_forest_fort_large_4, layout_rooms,
          basic_ecumenical_altar
D:2:      layout_basic
D:3:      layout_basic, grunt_temple_overflow_open, ebering_ghost_sewer_f,
          roderic_batcave, minivault_5, kennysheep_generic_room_6, uniq_sigmund
D:4:      minmay_skewed_foursquare, layout_basic, mainiacjoe_overflow_alcove_4,
          amcnicky_altar_gilded, serial_rivers, chequers_serial_rivers_large_a,
          chequers_serial_rivers_small_b, chequers_serial_rivers_large_b,
          chequers_serial_rivers_room_a, serial_shops, nicolae_stop_n_shop_1,
          nicolae_shop_stone, nicolae_stop_n_shop_2, shop,
          nicolae_take_the_stairs, fountainhead

Skill      XL: |  1  2  3  4  5  6 |
---------------+-------------------+-----
Transmutations | 1 2 |  2.6
Stealth        | 2 |  2.0
Dodging        | 2 3 |  3.1
Fighting       | 1 2 |  2.4
Armour         | 1 2 |  2.2
Poison Magic   | 4 5 |  5.0
Spellcasting   | 3 |  3.2

Action                   |  1- 3 |  4- 6 |  7- 9 || total
-------------------------+-------+-------+-------++-------
Melee: Unarmed           |    62 |       |       ||    62
       Headbutt          |    12 |    11 |     2 ||    25
       Short sword       |    12 |    73 |    11 ||    96
 Cast: Sting             |    87 |    28 |    11 ||   126
  Use: Potion            |       |     2 |       ||     2
Armor: Robe              |    17 |    51 |     7 ||    75
Dodge: Dodged            |    78 |   120 |     9 ||   207
